 Dungeon Crawl Stone Soup version 0.30-a0-1059-g7dea3e163d (webtiles) character file.

Game seed: 13383560461986137386

14604 Majang the Thaumaturge (level 12, -1/73 HPs)
             Began as a Tengu Fire Elementalist on Apr 11, 2023.
             Was an Elder of Vehumet.
             Succumbed to their own poison gas
             ... on level 2 of the Lair of Beasts on Apr 12, 2023.
             The game lasted 01:08:01 (9811 turns).

Majang the Thaumaturge (Tengu Fire Elementalist)    Turns: 9811, Time: 01:08:01

Health: -1/73      AC:  5    Str: 10    XL:     12   Next: 18%
Magic:  22/26      EV: 17    Int: 32    God:    Vehumet [****..]
Gold:   600        SH:  0    Dex: 14    Spells: 11/29 levels left

rFire   + . .      SeeInvis .    q - staff of fire
rCold   . . .      Faith    .    w - orb {*channel}
rNeg    . . .      Spirit   .    o - +0 steam dragon scales
rPois   .          Reflect  .    (helmet restricted)
rElec   .          Rampage  .    (no cloak)
rCorr   .                        (no gloves)
Will    .....                    (boots unavailable)
Stlth   ++                       g - amulet of magic regeneration
HPRegen 0.32/turn                x - +6 ring of intelligence
MPRegen 0.60/turn                s - +6 ring of intelligence

@: lethally poisoned (-1 -> -14), flying quickly and evasively, quick
A: beak, talons 3, nimble flight
a: Renounce Religion


You were on level 2 of the Lair of Beasts.
You worshipped Vehumet.
Vehumet was greatly pleased with you.
You visited 3 branches of the dungeon, and saw 11 of its levels.

You collected 600 gold pieces.

Inventory:

Hand Weapons
 n - a +1 morningstar
Missiles
 i - 5 silver javelins
Armour
 k - a +1 robe of willpower
 o - +0 steam dragon scales (worn)
 w - an orb of energy (worn)
Magical Staves
 q - a staff of fire (weapon)
Jewellery
 e - a ring of willpower
 g - an amulet of magic regeneration (around neck)
 s - a +6 ring of intelligence (right hand)
 x - a +6 ring of intelligence (left hand)
Wands
 j - a wand of flame (40)
 l - a wand of light (8)
 r - a wand of iceblast (8)
 z - a wand of charming (2)
Scrolls
 h - a scroll of immolation
 p - 4 scrolls of teleportation
 v - 3 scrolls of amnesia
 B - a scroll of identify
Potions
 b - a potion of magic
 c - a potion of mutation
 d - a potion of curing
 f - a potion of ambrosia
 m - 3 potions of cancellation
 t - 2 potions of might
 A - a potion of lignification
 D - a potion of haste


   Skills:
 * Level 8.1 Fighting
 + Level 6.1 Staves
 + Level 6.6 Dodging
 - Level 2.0 Stealth
 * Level 9.1 Spellcasting
 + Level 8.9 Conjurations
 + Level 8.3 Fire Magic
 + Level 7.0 Air Magic
 + Level 5.7 Evocations


You had 11 spell levels left.
You knew the following spells:

 Your Spells              Type           Power      Damage    Failure   Level
a - Foxfire               Conj/Fire      100%       2x1d9     1%          1
b - Volatile Blastmotes   Fire/Tloc      100%       2d18      2%          3
c - Scorch                Fire           100%       2d9       1%          2
n - Sticky Flame          Conj/Fire      81%        2d9       1%          4
p - Ignite Poison         Fire/Tmut/Pois 48%        N/A       3%          3
w - Flame Wave            Conj/Fire      81%        2d18      1%          4
z - Shock                 Conj/Air       100%       1d9       1%          1

Your spell library contained the following spells:

 Spells                   Type           Power      Damage    Failure   Level
 Inner Flame              Hex/Fire       58%        N/A       2%          3
 Slow                     Hex            56%        N/A       11%         1
 Confusing Touch          Hex            14%        N/A       24%         3
 Tukima's Dance           Hex            14%        N/A       24%         3
 Vampiric Draining        Necr           14%        2d7       24%         3
 Yara's Violent Unravell  Hex/Tmut       7%         3d5       36%         5
 Passage of Golubria      Tloc           14%        N/A       54%         4


Dungeon Overview and Level Annotations

Branches:
Dungeon (8/15)             Temple (1/1) D:5            Lair (2/5) D:8
  Swamp (0/4) Lair:2        Snake (0/4) Lair:2

Altars:
Cheibriados
Dithmenos
Elyvilon
Fedhas
Gozag
Hepliaklqana
Kikubaaqudgha
Makhleb
Nemelex Xobeh
Okawaru
Ru
Sif Muna
Trog
Uskayaw
Vehumet
Wu Jian
Xom
Yredelemnul
Zin
The Shining One

Annotations:
D:4 2 transporters, krest322's ghost, novice MiGl
Lair:2 Urug


Innate Abilities, Weirdness & Mutations

You have a beak for a mouth.
You have claws for feet.
Your magical nature lets you fly swiftly and evasively.


Message History

Confirm with . or Enter, or press ? or * to list all spells.
Aiming: Sticky Flame (dangerous; 1% risk of failure)
Press: ? - help, Shift-Dir - straight line, f - cane toad
Aim: a cane toad (heavily wounded, more vulnerable to fire, ally target)
You feel a surge of power!
The sticky flame hits the cane toad.
The cane toad is burned terribly!
The cane toad is severely wounded.
The cane toad is covered in liquid flames!
The cane toad burns!
The foxfire hits the cane toad but does no damage.
The cane toad is almost dead.
The foxfire hits the cane toad.
The cane toad is almost dead.
The cane toad stings you! The cane toad attacks as you move away!
The cane toad stings you!
* * * LOW HITPOINT WARNING * * *
The cane toad burns!
You kill the cane toad!
Vehumet accepts your kill.
You feel much better.
Really read the scroll of poison?
The air fills with toxic fumes!
As you read the scroll of poison, it crumbles to dust.
Urug throws a javelin.
The javelin barely misses you.
You are too injured to fight recklessly!
Unknown command.
Casting: Sticky Flame (dangerous; 1% risk of failure)
Confirm with . or Enter, or press ? or * to list all spells.
You feel a surge of power!
You conjure some foxfire!
Urug throws a javelin.
The javelin pierces through you!!
* * * LOW HITPOINT WARNING * * *
Unknown command.
Blink to where?
Press: ? - help, Dir - move target Really blink into that cloud of poison gas?
As you read the scroll of blinking, it crumbles to dust.
You are engulfed in poison gas.
You are lethally poisoned!
* * * LOW HITPOINT WARNING * * *
You die...

##..........+#..#...........
#P...#.........§§#§§§§§§§§..
#...#####.#.....§§§§§§§#§§..
#...## ........§#§§§§§§§§..
##..P# #........§§§§§§§§§..
#..## ##.#......§§§§§§§§§..
#..####..#......+§§§§§#....
#........#§##§###vv§§§##§P.
#.........@§§§§§§§§§§§§o§..
####.#.#P###P##P###P####§.#
####### ###### ### #### P #
#


There were no monsters in sight!

Vanquished Creatures
  A catoblepas (Lair:1)
  5 death yaks (D:8)
  Sonja (Lair:2)
  Amaemon (D:8)
  A black mamba (Lair:2)
  A rime drake (Lair:1)
  2 cane toads
  An orange demon (D:8)
  4 komodo dragons
  A polar bear (Lair:2)
  Sigmund (D:6)
  2 wyverns
  11 yaks
  2 basilisks (Lair:1)
  A steam dragon (D:6)
  5 vampire mosquitoes (Lair:2)
  4 nagas (Lair:2)
  4 water moccasins
  Duvessa (D:6)
  An ice beast (D:5)
  A hornet zombie (D:5)
  2 centaurs (D:8)
  3 ogres (D:5)
  4 wolves (Lair:1)
  3 phantoms
  A kobold brigand (D:8)
  Blork the orc (D:4)
  7 bullfrogs
  A gnoll sergeant (D:6)
  A scorpion (D:4)
  7 wights (D:8)
  Dowan (D:6)
  4 killer bees (D:8)
  An electric eel (D:8)
  A howler monkey (D:5)
  A centaur zombie (D:5)
  3 hounds (D:6)
  3 jellies
  4 orc priests
  A bullfrog skeleton (D:5)
  Ijyb (D:3)
  4 iguanas
  Natasha (thrice) (D:2)
  6 orc wizards
  A hound zombie (D:5)
  A howler monkey zombie (D:5)
  3 gnolls (D:6)
  A howler monkey skeleton (D:5)
  12 adders
  A white imp (D:7)
  A worm (D:2)
  A dart slug (D:2)
  26 orcs
  6 ball pythons
  6 bats
  7 endoplasms
  4 giant cockroaches
  2 hobgoblins (D:2)
  4 quokkas
  3 frilled lizards
  6 goblins
  8 kobolds
  8 rats
  A butterfly (Lair:2)
216 creatures vanquished.

Vanquished Creatures (collateral kills)
  4 foxfires
4 creatures vanquished.

Vanquished Creatures (others)
  619 foxfires
  4 fungi
  A plant (Lair:2)
  3 withered plants (D:5)
627 creatures vanquished.

Grand Total: 847 creatures vanquished

Notes
Turn   | Place    | Note
-------+----------+-------------------------------------------
     0 | D:1      | Majang the Tengu Fire Elementalist began the quest for the
                  | Orb.
     0 | D:1      | Reached XP level 1. HP: 10/10 MP: 4/4
   388 | D:1      | Reached XP level 2. HP: 8/15 MP: 1/6
   421 | D:1      | Learned a level 2 spell: Scorch
  1534 | D:2      | Reached XP level 3. HP: 19/19 MP: 4/8
  1805 | D:2      | Reached skill level 3 in Spellcasting
  1892 | D:2      | Reached XP level 4. HP: 24/24 MP: 3/9
  2077 | D:2      | Noticed Natasha
  2086 | D:2      | Killed Natasha
  2273 | D:2      | Noticed Natasha
  2285 | D:2      | Killed Natasha
  2286 | D:2      | Gained mutation: Your magical nature lets you fly swiftly
                  | and evasively. [Tengu growth]
  2286 | D:2      | Reached XP level 5. HP: 16/28 MP: 5/11
  2448 | D:2      | Noticed Natasha
  2454 | D:2      | Killed Natasha
  2687 | D:3      | Noticed Ijyb
  2694 | D:3      | Killed Ijyb
  2803 | D:3      | Learned a level 4 spell: Flame Wave
  2893 | D:3      | Reached skill level 4 in Spellcasting
  3147 | D:3      | Reached XP level 6. HP: 32/32 MP: 10/13
  3798 | D:4      | Found a transporter.
  3801 | D:4      | Noticed krest322's ghost (novice MiGl)
  3803 | D:4      | Identified the +9 dire flail of the Hurtling Fulmar {venom,
                  | Int+3 Stlth+}
  3806 | D:4      | Found a transporter.
  4032 | D:4      | Noticed Blork the orc
  4036 | D:4      | Killed Blork the orc
  4109 | D:4      | Reached skill level 5 in Fire Magic
  4109 | D:4      | Reached XP level 7. HP: 36/36 MP: 12/15
  4288 | D:5      | Entered Level 5 of the Dungeon
  4323 | D:5      | Found a staircase to the Ecumenical Temple.
  4331 | Temple   | Entered the Ecumenical Temple
  4533 | Temple   | Became a worshipper of Vehumet
  4587 | D:5      | Reached skill level 5 in Spellcasting
  4593 | D:5      | Reached skill level 1 in Fighting
  4644 | D:5      | Learned a level 3 spell: Volatile Blastmotes
  4656 | D:5      | Reached skill level 5 in Conjurations
  4665 | D:5      | Reached skill level 1 in Staves
  4665 | D:5      | Reached skill level 1 in Evocations
  4738 | D:5      | Reached XP level 8. HP: 44/44 MP: 12/17
  4872 | D:5      | Reached * piety under Vehumet
  4872 | D:5      | Offered knowledge of Shock by Vehumet.
  4876 | D:5      | Learned a level 1 spell: Shock
  5000 | D:5      | Reached skill level 1 in Air Magic
  5348 | D:6      | Found an opulent altar of Gozag.
  5354 | D:6      | Noticed Dowan
  5357 | D:6      | Noticed Duvessa
  5358 | D:6      | Killed Dowan
  5364 | D:6      | Killed Duvessa
  5441 | D:6      | Reached skill level 6 in Spellcasting
  5463 | D:6      | Reached XP level 9. HP: 44/51 MP: 13/19
  5535 | D:6      | Noticed Sigmund
  5546 | D:6      | Killed Sigmund
  6111 | D:6      | Found a bloodstained altar of Trog.
  6201 | D:6      | Found a basalt altar of Yredelemnul.
  6202 | D:6      | Upgraded the game from 0.30-a0-1050-g2766ea1e55 to
                  | 0.30-a0-1059-g7dea3e163d
  6333 | D:7      | Found a sparkling altar of Nemelex Xobeh.
  6363 | D:7      | Reached ** piety under Vehumet
  6417 | D:7      | Offered knowledge of Magic Dart by Vehumet.
  6704 | D:7      | Found an ornate altar of the Wu Jian Council.
  6711 | D:7      | Noticed a spectral centipede
  6809 | D:8      | Reached skill level 5 in Fighting
  6811 | D:8      | Reached XP level 10. HP: 47/59 MP: 7/21
  6817 | D:8      | Reached skill level 7 in Spellcasting
  7021 | D:8      | Noticed an orange demon
  7031 | D:8      | Killed an orange demon
  7043 | D:8      | Noticed Amaemon
  7051 | D:8      | Killed Amaemon
  7051 | D:8      | Offered knowledge of Ignite Poison by Vehumet.
  7249 | D:8      | Found a staircase to the Lair.
  7249 | D:8      | Noticed a death yak
  7249 | D:8      | Noticed a death yak
  7250 | D:8      | Noticed a death yak
  7266 | D:8      | Noticed a death yak
  7273 | D:8      | Killed a death yak
  7274 | D:8      | Reached skill level 5 in Dodging
  7285 | D:8      | Noticed a death yak
  7678 | D:8      | Killed a death yak
  7678 | D:8      | Killed a death yak
  7679 | D:8      | Reached skill level 5 in Air Magic
  7682 | D:8      | Killed a death yak
  7683 | D:8      | Reached XP level 11. HP: 45/66 MP: 8/23
  7687 | D:8      | Killed a death yak
  7688 | D:8      | Reached skill level 5 in Staves
  7688 | D:8      | Reached skill level 8 in Spellcasting
  8066 | D:8      | Reached *** piety under Vehumet
  8441 | Lair:1   | Entered Level 1 of the Lair of Beasts
  8480 | Lair:1   | Learned a level 3 spell: Ignite Poison
  8498 | Lair:1   | Reached skill level 5 in Evocations
  8668 | Lair:1   | Offered knowledge of Sticky Flame by Vehumet.
  8940 | Lair:1   | Noticed a catoblepas
  8963 | Lair:1   | Killed a catoblepas
  9342 | Lair:2   | Reached XP level 12. HP: 39/73 MP: 20/25
  9455 | Lair:2   | Found a staircase to the Snake Pit.
  9511 | Lair:2   | Learned a level 4 spell: Sticky Flame
  9523 | Lair:2   | Found a staircase to the Swamp.
  9525 | Lair:2   | Reached skill level 9 in Spellcasting
  9631 | Lair:2   | Noticed Sonja
  9641 | Lair:2   | Killed Sonja
  9641 | Lair:2   | Reached **** piety under Vehumet
  9796 | Lair:2   | Noticed Urug
  9811 | Lair:2   | HP: 3/73 [cloud of poison gas (1)]
  9811 | Lair:2   | Succumbed to their own poison gas

Illustrated notes

Levels and vault maps discovered:
D:1:      roderic_dead_forest, layout_basic
D:2:      minmay_general_purpose_star, layout_basic, hangedman_glass_teeth,
          uniq_natasha
D:3:      layout_basic, uniq_ijyb
D:4:      layout_cave_pools, gammafunk_ghost_smash, uniq_blork_the_orc
D:5:      layout_loops_ring, minmay_temple_entry_statues_fountains,
          serial_undead, serial_undead_e, serial_undead_d, serial_undead_e,
          serial_undead_a
D:6:      nicolae_cairo_tiling_large, layout_gridville,
          mainiacjoe_overflow_brackets, mainiacjoe_overflow_swirl, uniq_duvessa,
          uniq_sigmund
D:7:      layout_cave_pools, pdpol_wu_jian_five_deadly_venoms,
          mainiacjoe_overflow_concentric_impassable
D:8:      layout_basic, dpeg_lair_monsters, nrook_campfire, uniq_amaemon
Temple:   regret_index_temple_generic_petals
Lair:1:   layout_gridlike, minivault_24, dreamdust_mushroom_princess,
          serial_bayou_shore_b
Lair:2:   layout_chaotic_city, minmay_swamp_entry_swarm,
          minmay_snake_entry_guardpost_small, gauntlet_entry_generic,
          grunt_forest_small_clearings, lemuel_fruit_tree, lemuel_fruit_fields,
          serial_bayou_shore_b, serial_bayou_shore_b, uniq_urug, uniq_sonja

Skill      XL: |  1  2  3  4  5  6  7  8  9 10 11 12 |
---------------+-------------------------------------+-----
Conjurations   | 2 3 4 5 6 7 8 |  8.9
Spellcasting   | 3 4 5 6 7 8 9 |  9.1
Fire Magic     | 4 5 6 7 8 |  8.3
Fighting       | 1 3 5 6 7 8 |  8.1
Staves         | 1 2 3 4 5 6 |  6.1
Evocations     | 1 2 3 4 5 |  5.7
Dodging        | 3 4 5 6 |  6.6
Air Magic      | 2 4 5 6 7 |  7.0
Stealth        | |  2.0

Action                     |  1- 3 |  4- 6 |  7- 9 | 10-12 || total
---------------------------+-------+-------+-------+-------++-------
  Melee: Mace              |     6 |       |       |       ||     6
         Peck              |     1 |       |     1 |     4 ||     6
         Kick              |     1 |     1 |     2 |     2 ||     6
         Morningstar       |       |     1 |       |       ||     1
         Staff             |       |     2 |     8 |    11 ||    21
   Cast: Foxfire           |    43 |    84 |   117 |   117 ||   361
         Scorch            |       |     5 |    38 |    58 ||   101
         Flame Wave        |       |     1 |     6 |    23 ||    30
         Volatile Blastmot |       |       |    11 |       ||    11
         Sticky Flame      |       |       |       |     1 ||     1
  Evoke: Wand              |       |       |       |     1 ||     1
    Use: Scroll            |       |    12 |     5 |     9 ||    26
         Potion            |       |       |       |     5 ||     5
 Armour: Robe              |     2 |     1 |     3 |       ||     6
         Steam dragon scal |       |       |     3 |    10 ||    13
  Dodge: Dodged            |    12 |     5 |    27 |    54 ||    98

Table legend: (Time is in decaauts)
 A = Elapsed time spent in this place.
 B = Non-inter-level travel time spent in this place.
 C = Inter-level travel time spent in this place.
 D = Time resting spent in this place.
 E = Time spent auto-exploring this place.
 F = Levels seen in this place.
 G = Mean time per level.
                   A        B        C        D        E       F      G
               +--------+--------+--------+--------+--------+-----+--------+
         Total |   9346 |   8671 |    675 |   1732 |   4040 |  11 |  849.6 |
       Dungeon |   7835 |   7174 |    661 |   1301 |   4008 |   8 |  979.4 |
        Temple |    207 |    207 |      0 |      0 |      0 |   1 |  207.0 |
          Lair |   1303 |   1290 |     13 |    431 |     31 |   2 |  651.5 |
               +--------+--------+--------+--------+--------+-----+--------+

Top non-repeatable levels by time:
     D:1: 1427 daAuts
     D:8: 1409 daAuts
     D:2: 1215 daAuts
     D:6: 897 daAuts
     D:3: 878 daAuts
     D:5: 793 daAuts
  Lair:1: 764 daAuts
     D:4: 693 daAuts
  Lair:2: 539 daAuts
     D:7: 521 daAuts
  Temple: 207 daAuts
